 Dungeon Crawl Stone Soup version 0.32-a0-314-g526f7d4993 (webtiles) character file.

Game seed: 17385180593907650006

1462 zeratav the Changeling (level 8, -5/55 HPs)
             Began as an Octopode Shapeshifter on Feb 15, 2024.
             Slain by a manticore (10 damage)
             ... on level 6 of the Dungeon.
             The game lasted 00:09:29 (6185 turns).

zeratav the Changeling (Octopode Shapeshifter)      Turns: 6185, Time: 00:09:30

Health: -5/55      AC:  1    Str: 21    XL:     8   Next: 77%
Magic:  8/8        EV: 18    Int: 13    God:
Gold:   202        SH:  0    Dex: 11    Spells: 7/7 levels left

rFire   . .          .
                       - Unarmed
rCold   . . .        (shield currently unavailable)
rNeg    . . .        (helmet restricted)
rPois   .            (no amulet)
rElec   .            q - +6 ring of strength
rCorr   .            (no ring)
SInv    .            (no ring)
Will    .....        (no ring)
Stlth   +            (no ring)
HPRegen 0.29/turn    (no ring)
MPRegen 0.11/turn    (no ring)
                     (no ring)

%: no passive effects
@: flux-form, glowing
A: glow, contaminating, almost no armour, amphibious, 8 rings, camouflage 1,
gelatinous body 1, (nimble swimmer 1), tentacles
a: Begin Untransformation


You were on level 6 of the Dungeon.
You were something dangerously unstable.
You visited 2 branches of the dungeon, and saw 7 of its levels.

You collected 377 gold pieces.
You spent 175 gold pieces at shops.


Innate Abilities, Weirdness & Mutations

You are something dangerously unstable.
You glow with magical radiation, making you easy to see and hit.
Foes you strike become dangerously contaminated with magical radiation.
You are incapable of wielding weapons or throwing items.
You cannot wear most types of armour.
You are amphibious.
You can wear up to eight rings at the same time.
Your skin changes colour to match your surroundings (Stealth+).
Your rubbery body absorbs attacks. (AC +1, EV +1)
((You are camouflaged when in or above water. (Stealth+)))
You have tentacles for arms and can constrict up to eight enemies at once.


   Skills:
 - Level 5.0 Fighting
 + Level 4.5 Dodging
 + Level 5.1 Unarmed Combat
 - Level 7.2 Shapeshifting


You had 7 spell levels left.
You didn't know any spells.
Your spell library contained the following spells:

 Spells                   Type           Power      Damage    Failure   Level
 Mercury Vapours          Alch/Air       0%         N/A       43%         2
 Mephitic Cloud           Conj/Alch/Air  0%         N/A       67%         3
 Freezing Cloud           Conj/Ice/Air   0%         6-21      100%        5

Inventory:

Jewellery
 q - a +6 ring of strength (left tentacle)
   (You found it on level 6 of the Dungeon)
Talismans
 b - a beast talisman
 c - a flux talisman (active)
Wands
 j - a wand of flame (9)
   (You found it on level 2 of the Dungeon)
 l - a wand of mindburst (14)
   (You found it on level 5 of the Dungeon)
 n - a wand of roots (3)
   (You found it on level 5 of the Dungeon)
Scrolls
 e - a scroll of blinking {!r}
 k - a scroll of enchant armour
 m - 2 scrolls of fog
Potions
 a - a potion of lignification {!q}
 d - 6 potions of curing {@q1}
 f - a potion of ambrosia
 h - a potion of enlightenment
 i - a potion of brilliance
 o - a potion of haste {@q3}
 p - a potion of resistance
 r - a potion of heal wounds {@q2}
 s - a potion of attraction {!q}

Dungeon Overview and Level Annotations

Branches:
Dungeon (6/15) Zot: 25861  Temple (1/1) D:5 Zot: 5998

Altars:
Ashenzari
Cheibriados
Dithmenos
Fedhas
Hepliaklqana
Kikubaaqudgha
Makhleb
Okawaru
Qazlal
Ru
Sif Muna
Trog
Uskayaw
Vehumet
Xom
Yredelemnul
Zin
The Shining One

Shops:
D:3 [   D:4 :   D:6 **?![

Annotations:
D:3 exclusion: 2 downstairs
D:6 1 runed translucent door, Crazy Yiuf

#.#
###o########....##.#..#.#
#.#######....#
####.......♣..
#............#
######....♣.♣.
###..o.##....#
#####....##..♣...♣
#....##....#
#:$#.####.#.♣..∩..
#....#########%H#.#
#.#).♣...♣ #....#
#..###.# #.#)).♣.♣.
#....#
#.H###.####.#....♣..
#....# #p.##.#..##.)÷#...
######
###..##.#.)##<..#..#
#..####.#'####..#...
#..####.#....'..#..#
###)...##.ßß.#..#..#
#######.ßß.##....#
#....##....# #######.#.>.
#...#.##


You could see a manticore (contam).


Message History

You are poisoned.
The water moccasin poisons you!
HP[-9]
You take 9 damage, and now have 46/55 hp.
You tentacle-slap the water moccasin.
The water moccasin begins to glow.
You grab the water moccasin. You constrict the water moccasin.
You feel very sick. The water moccasin barely misses you.
The water moccasin bites you.
HP[-8]
You take 8 damage, and now have 38/55 hp.
You tentacle-slap the water moccasin.
The water moccasin glows dangerously bright.
You squeeze the water moccasin! You constrict the water moccasin.
You feel sick. The water moccasin misses you.
HP[-2]
You take 2 damage, and now have 36/55 hp.
You tentacle-slap the water moccasin.
The water moccasin shudders as magic cascades through it!
You kill the water moccasin!
You feel sick.
Your Dodging skill increases to level 4!
HP[-1]
You take 1 damage, and now have 35/55 hp.
You start resting.
You feel sick. x6
You are no longer poisoned.
HP[-5]
You take 5 damage, and now have 30/55 hp.
You start resting.
A manticore is nearby!
HP[+6]
You regained 6 hp, and now have 36/55 hp.
You start resting.
A manticore is nearby!
HP[+14]
You regained 14 hp, and now have 50/55 hp.
You start resting.
HP[+5]
Your hp is fully restored (55).
An orc comes into view. It is wielding a +0 trident.
The orc closely misses you.
You tentacle-slap the orc but do no damage.
The orc begins to glow.
Your grab misses the orc. The orc misses you.
You tentacle-slap the orc but do no damage.
The orc glows dangerously bright.
You grab the orc.
You constrict the orc, but do no damage.
The orc hits you with a +0 trident.
HP[-2]
You take 2 damage, and now have 53/55 hp.
You tentacle-slap the orc.
The orc shudders as magic cascades through it!
You kill the orc!
Things that are here:
a +0 trident {polearm}; a +0 ring mail; an orc corpse A jelly comes into view.
The jelly quivers.
HP[+1]
Things that are here:
a +0 trident {polearm}; a +0 ring mail; an orc corpse You tentacle-slap the jelly.
The jelly begins to glow.
Your tentacles burn!
You squeeze the jelly. The jelly completely misses you.
HP[-4]
You take 4 damage, and now have 50/55 hp.
You tentacle-slap the jelly.
The jelly glows dangerously bright.
Your tentacles burn!
You squeeze the jelly.
You kill the jelly!
Your Unarmed Combat skill increases to level 5!
HP[-1]
You take 1 damage, and now have 49/55 hp.
You start resting.
HP[+6]
Your hp is fully restored (55).
A sleepcap comes into view.
You tentacle-slap the sleepcap but do no damage.
The sleepcap begins to glow.
You grab the sleepcap.
You squeeze the sleepcap, but do no damage.
You constrict the sleepcap. The sleepcap completely misses you.
You tentacle-slap the sleepcap.
The sleepcap glows dangerously bright.
You constrict the sleepcap, but do no damage.
The sleepcap misses you.
You tentacle-slap the sleepcap but do no damage.
The sleepcap shudders as magic cascades through it!
The sleepcap twists and deforms.
You squeeze the sleepcap. You constrict the sleepcap.
You destroy the sleepcap!
The manticore bites you! The manticore claws you.
The manticore barely misses you.
HP[-19]
You take 19 damage, and now have 36/55 hp.
MASSIVE DAMAGE!! (PAUSE)
You barely miss the manticore. The manticore bites you.
The manticore completely misses you. The manticore claws you!
* * * LOW HITPOINT WARNING * * *
HP[-13]
You take 13 damage, and now have 23/55 hp.
MASSIVE DAMAGE!! (PAUSE)
You tentacle-slap the manticore.
The manticore begins to glow.
You squeeze the manticore. The manticore bites you!!
* * * LOW HITPOINT WARNING * * *
The manticore claws you!
You die...

Skill      XL: |  1  2  3  4  5  6  7  8 |
---------------+-------------------------+-----
Fighting       | 2 3 4 5 |  5.0
Shapeshifting  | 5 7 |  7.2
Dodging        | 4 |  4.5
Unarmed Combat | 5 |  5.1

Action                     |  1- 3 |  4- 6 |  7- 9 || total
---------------------------+-------+-------+-------++-------
  Melee: Unarmed           |    63 |   115 |   101 ||   279
         Constrict         |    15 |    25 |    24 ||    64
         Tentacles         |     5 |    31 |    28 ||    64
         Punch             |     1 |     2 |     3 ||     6
    Use: Potion            |     1 |     4 |     1 ||     6
         Scroll            |       |     5 |     7 ||    12
   Stab: Sleeping          |     5 |     8 |     3 ||    16
         Invisible         |       |     1 |       ||     1
 Armour: Skin              |    36 |    40 |    69 ||   145
  Dodge: Dodged            |    47 |    58 |    64 ||   169
   Form: Flux              |       |       |     1 ||     1

Levels and vault maps discovered:
D:1:      lightli_arrival_boilingwater, layout_loops_ring
D:2:      cheibrodos_fertilizer, layout_rooms, kennysheep_nondescript
D:3:      layout_basic, minitemple, serial_shops, shop_coins,
          nicolae_ecumenical_snake_handling, grunt_ministairs_14
D:4:      layout_rooms, mainiacjoe_overflow_cross_hatched,
          nicolae_shop_i_like_big_books, uniq_menkaure
D:5:      layout_loops_ring, mainiacjoe_overflow_tiny_flanked,
          minmay_temple_entry_gardened_gates
D:6:      minmay_chambers_of_fours, layout_basic, serial_shops,
          nicolae_shop_tiny_waterfront, shop, shop, nicolae_diamond_shop,
          nicolae_shop_statue_plus, grunt_tough_drop, uniq_crazy_yiuf_cottage
Temple:   dpeg_chambers_temple

Notes
Turn   | Place    | Note
-------+----------+-------------------------------------------
     0 | D:1      | zeratav the Octopode Shapeshifter began the quest for the
                  | Orb.
     0 | D:1      | Reached XP level 1. HP: 13/13 MP: 1/1
     0 | D:1      | magus.rc [v1.9.6]
    48 | D:1      | Reached skill level 2 in Fighting
    48 | D:1      | Reached XP level 2. HP: 5/19 MP: 2/2
   272 | D:1      | Reached XP level 3. HP: 24/25 MP: 3/3
   451 | D:1      | Reached skill level 3 in Fighting
   998 | D:2      | HP: 5/26 [poisoned by a goblin]
  1001 | D:2      | HP: 2/27 [poisoned by a goblin]
  1210 | D:2      | Reached XP level 4. HP: 32/33 MP: 4/4
  1268 | D:2      | Found a glowing silver altar of Zin.
  1268 | D:2      | Found a hide-covered altar of Uskayaw.
  1268 | D:2      | Found an ancient bone altar of Kikubaaqudgha.
  1268 | D:2      | Found a basalt altar of Yredelemnul.
  1268 | D:2      | Found a hide-covered altar of Uskayaw.
  1268 | D:2      | Found a glowing golden altar of the Shining One.
  1277 | D:2      | Reached skill level 4 in Fighting
  1393 | D:2      | Reached XP level 5. HP: 38/38 MP: 5/5
  1743 | D:3      | Found a faded altar of an unknown god.
  1759 | D:3      | Reached skill level 5 in Fighting
  1776 | D:3      | Found Emnypecuim's Antique Armour Emporium.
  2133 | D:3      | Found a snail-covered altar of Cheibriados.
  2134 | D:3      | Found a shimmering altar of Xom.
  2433 | D:4      | Found Heiz's Tremendous Tomes.
  2447 | D:4      | Reached XP level 6. HP: 42/45 MP: 6/6
  2485 | D:4      | Reached skill level 4 in Shapeshifting
  2591 | D:4      | Reached skill level 5 in Shapeshifting
  2686 | D:4      | Noticed Menkaure
  2813 | D:4      | You pick up a book of Vapours and begin reading...
  2813 | D:4      | You add the spells Mercury Vapours, Mephitic Cloud and
                  | Freezing Cloud to your library.
  3048 | D:4      | Found a hide-covered altar of Uskayaw.
  3283 | D:3      | HP: 9/45 [scorpion (5)]
  3285 | D:3      | Reached XP level 7. HP: 10/50 MP: 7/7
  3288 | D:3      | HP: 7/50 [poisoned by a scorpion]
  4019 | D:4      | Killed Menkaure
  4020 | D:4      | Reached skill level 6 in Shapeshifting
  4094 | D:5      | Entered Level 5 of the Dungeon
  4780 | D:5      | Found a staircase to the Ecumenical Temple.
  4789 | Temple   | Entered the Ecumenical Temple
  4815 | D:5      | Reached skill level 7 in Shapeshifting
  4815 | D:5      | Reached XP level 8. HP: 48/55 MP: 8/8
  4863 | D:5      | Found a glowing golden altar of the Shining One.
  5144 | D:6      | Found Soferuj's Armour Shoppe.
  5193 | D:6      | Found Vasisi's Distillery.
  5422 | D:6      | Found Egrot's Magic Scroll Emporium.
  5433 | D:6      | Bought a scroll of identify for 26 gold pieces
  5433 | D:6      | Bought a scroll of identify for 26 gold pieces
  5438 | D:6      | Found Cexovaf's General Store.
  5459 | D:6      | Reached skill level 3 in Dodging
  5588 | D:6      | Bought a potion of curing for 36 gold pieces
  5588 | D:6      | Bought a potion of heal wounds for 60 gold pieces
  5611 | D:6      | Reached skill level 4 in Unarmed Combat
  5671 | D:6      | Found Uvung's Assorted Antiques.
  5681 | D:6      | Bought a fizzy green potion for 27 gold pieces
  5715 | D:6      | Found a runed translucent door.
  5716 | D:6      | Noticed Crazy Yiuf
  5762 | D:6      | You pick up a book of Vapours and begin reading...
  5820 | D:6      | HP: 13/55 [orc/+0 club (4)]
  6047 | D:6      | Noticed a manticore
  6054 | D:6      | Reached skill level 4 in Dodging
  6158 | D:6      | Reached skill level 5 in Unarmed Combat
  6185 | D:6      | HP: 5/55 [manticore (19)]
  6185 | D:6      | Slain by a manticore

Vanquished Creatures
  Menkaure (D:4)
  2 water moccasins (D:6)
  An orc warrior (D:6)
  A centaur (D:5)
  A phantom (D:5)
  3 scorpions
  5 hounds
  3 jellies
  3 orc priests
  2 iguanas
  A sleepcap (D:6)
  An orc wizard (D:5)
  9 adders
  A white imp (D:6)
  3 ribbon worms
  4 dart slugs
  11 orcs
  13 ball pythons
  15 endoplasms
  7 giant cockroaches
  6 goblins
  5 hobgoblins
  7 jackals
  4 quokkas
  2 bats (D:1)
  14 kobolds
  6 rats
131 creatures vanquished.

Table legend:
 A = Non-vault XP
 B = Vault XP
 C = Vault XP percentage of total XP
 D = Non-vault monster count
 E = Vault monster count
 F = Vault count percentage of total count
                 A         B        C        D         E       F
            +---------+---------+-------+---------+---------+-------
      Total |    1537 |     552 |  26.4 |     102 |      29 |  22.1
            +---------+---------+-------+---------+---------+-------
        D:1 |      54 |       0 |   0.0 |      19 |       0 |   0.0
        D:2 |      29 |      85 |  74.6 |      11 |      16 |  59.3
        D:3 |     139 |      33 |  19.2 |      18 |       7 |  28.0
        D:4 |     309 |     173 |  35.9 |      30 |       1 |   3.2
        D:5 |     450 |       0 |   0.0 |      11 |       0 |   0.0
        D:6 |     556 |     261 |  31.9 |      13 |       5 |  27.8
            +---------+---------+-------+---------+---------+-------

Skill      XL: |  1  2  3  4  5  6  7  8 |
---------------+-------------------------+-----
Fighting       | 2 3 4 5 |  5.0
Shapeshifting  | 5 7 |  7.2
Dodging        | 4 |  4.5
Unarmed Combat | 5 |  5.1

Action                     |  1- 3 |  4- 6 |  7- 9 || total
---------------------------+-------+-------+-------++-------
  Melee: Unarmed           |    63 |   115 |   101 ||   279
         Constrict         |    15 |    25 |    24 ||    64
         Tentacles         |     5 |    31 |    28 ||    64
         Punch             |     1 |     2 |     3 ||     6
    Use: Potion            |     1 |     4 |     1 ||     6
         Scroll            |       |     5 |     7 ||    12
   Stab: Sleeping          |     5 |     8 |     3 ||    16
         Invisible         |       |     1 |       ||     1
 Armour: Skin              |    36 |    40 |    69 ||   145
  Dodge: Dodged            |    47 |    58 |    64 ||   169
   Form: Flux              |       |       |     1 ||     1

Illustrated notes

Table legend:
 A = Kills in this place as a percentage of kills in the entire game.
 B = Kills by you in this place as a percentage of kills by you in the entire game.
 C = Kills by friends in this place as a percentage of kills by friends in the entire game.
 D = Other kills in this place as a percentage of other kills in the entire game.
 E = Experience gained in this place as a percentage of experience gained in the entire game.
 F = Experience gained in this place divided by the number of levels of this place that you have seen.
                   A       B       C       D       E      F
               +-------+-------+-------+-------+-------+----------------------
         Total | 100.0 | 100.0 |   N/A |   N/A | 100.0 | 298.4
       Dungeon | 100.0 | 100.0 |   N/A |   N/A | 100.0 | 348.2
               +-------+-------+-------+-------+-------+----------------------

Table legend: (Time is in decaauts)
 A = Elapsed time spent in this place.
 B = Non-inter-level travel time spent in this place.
 C = Inter-level travel time spent in this place.
 D = Time resting spent in this place.
 E = Time spent auto-exploring this place.
 F = Levels seen in this place.
 G = Mean time per level.
                   A        B        C        D        E       F      G
               +--------+--------+--------+--------+--------+-----+--------+
         Total |   6156 |   5890 |    266 |   1661 |   3364 |   7 |  879.4 |
       Dungeon |   6154 |   5889 |    265 |   1661 |   3364 |   6 | 1025.7 |
        Temple |      1 |      1 |      0 |      0 |      0 |   1 |    1.0 |
               +--------+--------+--------+--------+--------+-----+--------+

Top non-repeatable levels by time:
     D:3: 1724 daAuts
     D:6: 1130 daAuts
     D:5: 954 daAuts
     D:4: 842 daAuts
     D:1: 767 daAuts
     D:2: 735 daAuts
  Temple: 1 daAuts
